 Dungeon Crawl Stone Soup version 0.32-a0-711-g016ad743e0 (webtiles) character file.

Game seed: 15238803410462203480

35384 Aldia the Thaumaturge (level 13, -7/86 (90) HPs)
             Began as an Octopode Alchemist on Mar 15, 2024.
             Was an Initiate of Gozag.
             Mangled by a minotaur
             ... wielding a +1 mace of holy wrath
              (27 damage)
             ... in a Gauntlet.
             The game lasted 00:46:14 (17154 turns).

Aldia the Thaumaturge (Octopode Alchemist)         Turns: 17154, Time: 00:46:15

HP:   -7/86 (90)    AC:  5    Str:  5    XL:     13   Next: 83%
MP:   30/36         EV: 16    Int: 28    God:    Gozag
Gold: 3923          SH:  6    Dex: 16    Spells: 6/32 levels left

rFire   . . .        H - +4 short sword (drain)
rCold   + . .        N - +0 buckler
rNeg    . . .        (helmet restricted)
rPois   +            o - amulet of the acrobat
rElec   +            l - ring of wizardry
rCorr   +            n - ring "Omol" {Fly rElec rC+}
SInv    .            p - ring of the Everdark {Ice rPois rCorr Str-2 Dex+3}
Will    .....        d - ring of fire
Stlth   +++          B - +6 ring of intelligence
HPRegen 0.34/turn    x - ring of magical power
MPRegen 0.25/turn    O - +4 ring of protection
                     S - ring of poison resistance

%: no teleportation, acrobat, wizardry (x1)
@: brilliant, flying, studying Short Blades, lightly drained
A: almost no armour, amphibious, 8 rings, camouflage 1, gelatinous body 1,
(nimble swimmer 1), tentacles
a: Renounce Religion, Potion Petition, Call Merchant, Bribe Branch


You were in a Gauntlet.
You worshipped Gozag.
Gozag was most pleased with you.
You visited 4 branches of the dungeon, and saw 19 of its levels.
You also visited: Bailey and Gauntlet.

You collected 5309 gold pieces.
You spent 532 gold pieces at shops.
You paid 854 gold pieces to Gozag.

Inventory:

Hand Weapons
 H - a +4 short sword of draining (weapon)
Missiles
 L - a throwing net
 U - 5 curare-tipped darts
Armour
 N - a +0 buckler (worn)
 P - a +0 kite shield
Magical Staves
 i - a staff of earth
 D - a staff of conjuration
Jewellery
 d - a ring of fire (on tentacle)
 l - a ring of wizardry (left tentacle)
 n - the ring "Omol" (right tentacle) {Fly rElec rC+}
   (You found it in a Gauntlet)

   [ring of flight]

   rC+:       It protects you from cold.
   rElec:     It insulates you from electricity.
   Fly:       It grants you flight.
 o - an amulet of the acrobat (around mantle)
 p - the ring of the Everdark (on tentacle) {Ice rPois rCorr Str-2 Dex+3}
   (You found it on level 3 of the Dungeon)

   [ring of ice]

   Ice:       It enhances your ice magic.
   Str-2:     It affects your strength (-2).
   Dex+3:     It affects your dexterity (+3).
   rF-:       It makes you vulnerable to fire.
   rC+:       It protects you from cold.
   rPois:     It protects you from poison.
   rCorr:     It protects you from acid and corrosion.
 t - a ring of see invisible
 x - a ring of magical power (on tentacle)
 B - a +6 ring of intelligence (on tentacle)
 O - a +4 ring of protection (on tentacle)
 S - a ring of poison resistance (on tentacle)
Wands
 E - a wand of polymorph (9)
 F - a wand of warping (14)
 G - a wand of paralysis (9)
 T - a wand of quicksilver (4)
Scrolls
 b - a scroll of poison
 g - 4 scrolls of fog
 h - 6 scrolls of fear
 k - 3 scrolls of immolation
 m - 4 scrolls of teleportation
 q - a scroll of silence {unknown}
 r - a scroll of brand weapon {unknown}
 s - a scroll of amnesia
 y - 2 scrolls of noise
 C - a scroll of enchant weapon
 I - 2 scrolls of summoning
 M - 2 scrolls of enchant armour
 Q - a scroll of torment
Potions
 a - 2 potions of magic
 c - 3 potions of mutation
 f - 5 potions of attraction
 j - a potion of berserk rage
 u - 8 potions of curing
 v - 4 potions of lignification
 w - 2 potions of brilliance
 z - a potion of might
 A - a potion of enlightenment
 J - a potion of cancellation
 K - a potion of invisibility
 R - 6 potions of ambrosia
 V - a potion of haste {unknown}


   Skills:
 + Level 9.1 Fighting
 + Level 9.1 Dodging
 - Level 3.0 Stealth
 * Level 9.2 Shields
 - Level 10.0 Spellcasting
 - Level 2.0 Conjurations
 - Level 7.0 Hexes
 - Level 8.0 Translocations
 - Level 5.0 Fire Magic
 - Level 2.0 Air Magic
 - Level 9.0 Alchemy


You had 6 spell levels left.
You knew the following spells:

 Your Spells              Type           Power      Damage    Failure   Level
a - Passage of Golubria   Tloc           73%        N/A       1%          4
b - Mercury Vapours       Alch/Air       100%       N/A       1%          2
c - Mephitic Cloud        Conj/Alch/Air  55%        N/A       1%          3
d - Olgreb's Toxic Radia  Alch           77%        N/A       1%          4
e - Sticky Flame          Fire/Alch      88%        2d13      1%          4
f - Yara's Violent Unrav  Hex/Alch       36%        3d15      2%          5
g - Tukima's Dance        Hex            68%        N/A       1%          3
h - Apportation           Tloc           100%       N/A       1%          1

Your spell library contained the following spells:

 Spells                   Type           Power      Damage    Failure   Level
 Shock                    Conj/Air       100%       1d9       1%          1
 Slow                     Hex            100%       N/A       1%          1
 Sting                    Conj/Alch      100%       1d9       1%          1
 Confusing Touch          Hex            68%        N/A       1%          3
 Manifold Assault         Tloc           73%        N/A       1%          4
 Necrotise                Necr           84%        1d8       2%          1
 Summon Small Mammal      Summ           84%        N/A       2%          1
 Call Imp                 Summ           42%        N/A       3%          2
 Sublimation of Blood     Necr           21%        N/A       3%          2
 Swiftness                Air            37%        N/A       3%          3
 Call Canine Familiar     Summ           21%        N/A       8%          3
 Fugue of the Fallen      Necr           21%        N/A       8%          3
 Ozocubu's Armour         Ice            31%        N/A       8%          3
 Vampiric Draining        Necr           21%        2d7       8%          3
 Summon Blazeheart Golem  Fire/Summ      58%        N/A       9%          4
 Airstrike                Air            18%        2d(3-19)  11%         4
 Summon Forest            Summ/Tloc      26%        N/A       13%         5
 Summon Mana Viper        Hex/Summ       50%        N/A       16%         5
 Summon Cactus Giant      Summ           10%        N/A       97%         6
 Summon Hydra             Summ           10%        N/A       100%        7


Dungeon Overview and Level Annotations

Branches:
Dungeon (13/15)            Temple (1/1) D:4            Lair (4/5) D:11
    Orc (2/2) D:11            Elf (0/3) Orc:2        Bailey (visited)
Gauntlet (1/1)
  Swamp: Lair:2-3    Shoals: Lair:2-3     Snake: Lair:2-3    Spider: Lair:2-3
  Slime: Lair:4-5    Vaults: D:13-14

Altars:
Ashenzari
Cheibriados
Dithmenos
Elyvilon
Fedhas
Gozag
Hepliaklqana
Kikubaaqudgha
Makhleb
Nemelex Xobeh
Okawaru
Qazlal
Ru
Sif Muna
Trog
Uskayaw
Vehumet
Wu Jian
Xom
Yredelemnul
Zin
The Shining One
Beogh

Shops:
Orc:2 ([*[   Lair:1 [

Portals:
Trove: D:11 (give 2 scrolls of acquirement)

Annotations:
D:3 2 transporters, smashvw's ghost, amateur MiFi
D:4 2 transporters, 1 runed translucent door, Crazy Yiuf; crimsonchili123's ghost, novice FoFi
D:7 1 runed translucent door, osoart's ghost, novice MiSh
D:8 2 transporters
D:9 2 transporters, ytrimaz's ghost, novice CoFi
Orc:1 2 transporters Gauntlet 6 transporters


Innate Abilities, Weirdness & Mutations

You cannot wear most types of armour.
You are amphibious.
You can wear up to eight rings at the same time.
Your skin changes colour to match your surroundings (Stealth+).
Your rubbery body absorbs attacks. (AC +1, EV +1)
((You are camouflaged when in or above water. (Stealth+)))
You have tentacles for arms and can constrict up to eight enemies at once.


Message History

Aiming: Sticky Flame (mildly dangerous; 1% risk of failure)
Press: ? - help, Shift-Dir - straight line, f/p - minotaur
Aim: a minotaur, wielding a +1 mace of holy wrath, wearing a +0 plate armour, wearing a +0 buckler, wearing a +6 ring of strength and quivering silver javelins (moderately wounded, constricted by you, confused, very poisoned)
You feel a strong surge of power!
The sticky flame hits the minotaur.
The minotaur is moderately wounded.
You constrict the minotaur.
The minotaur seems less confused.
The minotaur burns!
The minotaur hits you with a +1 mace of holy wrath!!
The minotaur gores you.
Unknown command.
Unknown command.
Unknown command.
Casting: Sticky Flame (mildly dangerous; 1% risk of failure)
Confirm with . or Enter, or press ? or * to list all spells.
Aiming: Mephitic Cloud (safe; 1% risk of failure)
Press: ? - help, Shift-Dir - straight line, f/p - minotaur
Aim: a minotaur, wielding a +1 mace of holy wrath, wearing a +0 plate armour, wearing a +0 buckler, wearing a +6 ring of strength and quivering silver javelins (heavily wounded, constricted by you, covered in liquid flames, very poisoned, chance to affect: 34%)
You feel a surge of power!
The ball explodes into a vile cloud!
The stinking cloud engulfs the minotaur.
The minotaur is heavily wounded.
The stinking cloud engulfs you.
You constrict the minotaur, but do no damage.
The minotaur burns!
The minotaur is engulfed in noxious fumes.
The minotaur hits you with a +1 mace of holy wrath!!
* * * LOW HITPOINT WARNING * * *
The minotaur gores you but does no damage.
Unknown command.
Unknown command.
Unknown command.
Aiming: Warp Space
Press: ? - help, Shift-Dir - straight line, p - minotaur Space twists violently!
The rupture engulfs the minotaur but does no damage.
The minotaur is heavily wounded.
You constrict the minotaur.
The minotaur burns!
The minotaur is engulfed in noxious fumes.
The minotaur hits you with a +1 mace of holy wrath!!
You die...
Your body crumbles into a pile of gold.

#≈..#!# ######
..###..#[#
#....##..##≈..#©.
#.##.##..###..#?#
#.##.....##≈..#B#
###.##.##..###..#.. #≈
#§#....##....#..#.#
#≈§.#H#.##.##...©#..###
#≈§§.§@.##.......#.....
#≈§○#.#.##.##....#.∩...
#≈ #.#....##...©#..###
###.##.##....#..#..
#.##.....###..#..
#.##.##..##≈..#..
#....##..###..#©.
#######..##≈..#=#
######§.#.#


You could see a minotaur (burning, very poisoned).

Vanquished Creatures
  2 vault guards (Bailey)
  An entropy weaver (Gauntlet)
  Harold (D:9)
  3 boulder beetles
  A two-headed ogre (D:9)
  2 orc high priests (Orc:2)
  Sonja (Lair:1)
  Lodul (D:10)
  Pikel (D:7)
  4 orc knights
  5 elephants (Lair:2)
  A wolf spider (Gauntlet)
  2 orc sorcerers (Orc:2)
  Maurice (D:7)
  A cyclops (D:9)
  A kobold blastminer (Orc:2)
  A black mamba (Lair:1)
  A cane toad (Lair:1)
  An unseen horror (D:7)
  3 komodo dragons
  A queen bee (D:10)
  6 trolls
  2 hornets
  A polar bear (Lair:1)
  Prince Ribbit (Bailey)
  A shadow (D:11)
  2 wraiths
  A wyvern (D:9)
  A basilisk (Lair:2)
  3 fire bats (Lair:1)
  7 humans (Bailey)
  16 yaks
  A warg (Orc:1)
  2 redbacks (Gauntlet)
  2 steam dragons
  Menkaure (D:6)
  2 acid dragons (D:10)
  3 water moccasins
  Duvessa (D:5)
  16 orc warriors
  3 black bears
  3 ice beasts
  3 laughing skulls (Gauntlet)
  6 wolves (Lair:1)
  4 centaurs
  9 ogres
  4 lemures (D:7)
  21 bullfrogs
  2 gnoll sergeants (D:11)
  A scorpion (D:10)
  Dowan (D:5)
  23 killer bees (D:10)
  An electric eel (Lair:1)
  3 howler monkeys
  A bombardier beetle (D:5)
  2 lava snakes (D:11)
  17 orc priests
  6 hounds
  3 jellies
  3 iguanas
  A sleepcap (D:7)
  22 orc wizards
  14 gnolls
  7 adders
  2 shadow imps
  A white imp (D:8)
  2 ufetubi (D:6)
  2 ribbon worms
  A dart slug (D:4)
  82 orcs
  4 endoplasms
  3 giant cockroaches
  10 goblins
  5 hobgoblins (D:1)
  9 jackals
  A quokka (D:5)
  8 ball pythons
  A bat (D:1)
  3 frilled lizards (D:2)
  6 kobolds
  A rat (D:1)
405 creatures vanquished.

Vanquished Creatures (collateral kills)
  An ettin (Orc:2)
  2 two-headed ogres (Orc:2)
  An orc high priest (Orc:2)
  An orc knight (Orc:2)
  An orc sorcerer (Orc:2)
  6 orc warriors
  4 ogres
  A gnoll sergeant (D:11)
  An orc wizard (Orc:1)
  An orc (Orc:1)
19 creatures vanquished.

Vanquished Creatures (others)
  3 dancing weapons
  An orc wizard (Orc:2)
4 creatures vanquished.

Grand Total: 428 creatures vanquished

Notes
Turn   | Place    | Note
-------+----------+-------------------------------------------
     0 | D:1      | Aldia the Octopode Alchemist began the quest for the Orb.
     0 | D:1      | Reached XP level 1. HP: 11/11 MP: 3/3
   210 | D:1      | Reached XP level 2. HP: 13/17 MP: 0/5
   418 | D:1      | Learned a level 2 spell: Mercury Vapours
   647 | D:1      | Reached XP level 3. HP: 21/21 MP: 6/6
   666 | D:1      | Learned a level 3 spell: Mephitic Cloud
  1250 | D:2      | Reached skill level 1 in Air Magic
  1250 | D:2      | Reached XP level 4. HP: 26/27 MP: 0/7
  1255 | D:2      | Reached skill level 1 in Fighting
  1952 | D:3      | Noticed smashvw's ghost (amateur MiFi)
  1953 | D:3      | Found a transporter.
  1954 | D:3      | Identified the +4 great mace of Gehenna {distort, Str+4}
  1954 | D:3      | Noticed an ogre
  1962 | D:3      | Found a transporter.
  1968 | D:3      | Identified the ring of the Everdark {Ice rPois rCorr Str-2
                  | Dex+3}
  2107 | D:3      | Reached XP level 5. HP: 27/33 MP: 9/9
  2287 | D:3      | Noticed an ogre
  2438 | D:4      | Found a shimmering blue altar of Sif Muna.
  2458 | D:4      | Reached skill level 3 in Spellcasting
  2478 | D:4      | Learned a level 4 spell: Olgreb's Toxic Radiance
  2730 | D:4      | Reached skill level 5 in Alchemy
  2730 | D:4      | Reached XP level 6. HP: 27/39 MP: 6/10
  2893 | D:4      | Found a staircase to the Ecumenical Temple.
  2911 | Temple   | Entered the Ecumenical Temple
  2916 | Temple   | Became a worshipper of Gozag Ym Sagoz the Greedy
  3007 | D:4      | Found a transporter.
  3007 | D:4      | Noticed crimsonchili123's ghost (novice FoFi)
  3008 | D:4      | Found a transporter.
  3026 | D:4      | Found a runed translucent door.
  3027 | D:4      | Noticed Crazy Yiuf
  3765 | D:5      | Entered Level 5 of the Dungeon
  3870 | D:5      | Reached XP level 7. HP: 36/45 MP: 12/12
  4447 | D:5      | Noticed Dowan
  4449 | D:5      | Noticed Duvessa
  4458 | D:5      | Killed Duvessa
  4459 | D:5      | Reached skill level 4 in Spellcasting
  4461 | D:5      | Killed Dowan
  4462 | D:5      | Reached XP level 8. HP: 31/52 MP: 14/14
  4919 | D:6      | Learned a level 4 spell: Sticky Flame
  5072 | D:6      | Reached skill level 1 in Fire Magic
  5426 | D:6      | Found a sacrificial altar of Ru.
  5519 | D:6      | Noticed Menkaure
  5527 | D:6      | Killed Menkaure
  5892 | D:7      | Noticed Maurice
  5893 | D:7      | Paralysed by Maurice for 5 turns
  5894 | D:7      | Maurice stole a staff of earth
  5903 | D:7      | Killed Maurice
  5904 | D:7      | Reached skill level 5 in Spellcasting
  5904 | D:7      | Reached XP level 9. HP: 40/59 MP: 12/16
  6065 | D:7      | Found a runed translucent door.
  6065 | D:7      | Found a shimmering altar of Xom.
  6065 | D:7      | Noticed osoart's ghost (novice MiSh)
  6065 | D:7      | Noticed a +0 dagger of chaos
  6131 | D:7      | Noticed a hornet
  6136 | D:7      | Killed a hornet
  6137 | D:7      | Reached skill level 5 in Fighting
  6148 | D:7      | Found a flagged portal.
  6157 | Bailey   | Entered a bailey
  6201 | Bailey   | Reached skill level 5 in Dodging
  6213 | Bailey   | Reached skill level 6 in Spellcasting
  6333 | Bailey   | Noticed Prince Ribbit
  6335 | Bailey   | Noticed a vault guard
  6342 | Bailey   | Killed Prince Ribbit
  6343 | Bailey   | Reached XP level 10. HP: 50/68 MP: 14/19
  6349 | Bailey   | Killed a vault guard
  6350 | Bailey   | Reached skill level 5 in Fire Magic
  6358 | Bailey   | Learned a level 5 spell: Yara's Violent Unravelling
  6362 | Bailey   | Learned a level 3 spell: Tukima's Dance
  6471 | Bailey   | Noticed a vault guard
  6486 | Bailey   | Killed a vault guard
  6838 | D:7      | Noticed an unseen horror
  6850 | D:7      | Killed an unseen horror
  6851 | D:7      | Reached skill level 7 in Spellcasting
  7123 | D:7      | Noticed Pikel
  7179 | D:7      | Killed Pikel
  7518 | D:7      | Reached XP level 11. HP: 75/75 MP: 21/21
  7710 | D:8      | Found a transporter.
  7710 | D:8      | Found a transporter.
  7710 | D:8      | Noticed a boulder beetle
  7782 | D:8      | Noticed a boulder beetle
  7795 | D:8      | Killed a boulder beetle
  7796 | D:8      | Reached skill level 5 in Hexes
  8221 | D:8      | Identified a scroll of acquirement
  8427 | D:8      | Found a glowing silver altar of Zin.
  8427 | D:8      | Found a burning altar of Makhleb.
  8433 | D:8      | Learned a level 4 spell: Passage of Golubria
  8447 | D:8      | Found a shadowy altar of Dithmenos.
  8448 | D:8      | Acquired 821 gold pieces
  8499 | D:8      | Found an iron altar of Okawaru.
  8618 | D:9      | Noticed a two-headed ogre
  8634 | D:9      | Killed a two-headed ogre
  8924 | D:9      | Noticed Harold
  8928 | D:9      | Noticed a cyclops
  8933 | D:9      | Killed Harold
  8934 | D:9      | Reached skill level 8 in Spellcasting
  8936 | D:9      | Killed a cyclops
  8937 | D:9      | Reached skill level 1 in Translocations
  9215 | D:9      | Noticed a two-headed ogre
  9216 | D:9      | Noticed a two-headed ogre
  9342 | D:9      | Found a transporter.
  9345 | D:9      | Noticed ytrimaz's ghost (novice CoFi)
  9370 | D:9      | Found a transporter.
  9573 | D:10     | Entered Level 10 of the Dungeon
 10124 | D:10     | Reached skill level 1 in Shields
 10361 | D:11     | Noticed Lodul
 10367 | D:11     | Reached XP level 12. HP: 61/84 MP: 21/24
 10367 | D:11     | Noticed a boulder beetle
 10622 | D:10     | Killed Lodul
 10883 | D:10     | Killed a boulder beetle
 11532 | D:11     | Found a staircase to the Lair.
 11774 | D:11     | You are sucked into a shaft and drop 2 floors!
 12082 | D:11     | Noticed a boulder beetle
 12091 | D:11     | Killed a boulder beetle
 12092 | D:11     | Reached skill level 9 in Spellcasting
 12347 | D:11     | Found a portal to a secret trove of treasure.
 12553 | D:11     | Reached skill level 5 in Shields
 12637 | D:11     | Found a staircase to the Orcish Mines.
 12650 | Orc:1    | Entered Level 1 of the Orcish Mines
 13031 | Orc:1    | Noticed an ettin
 13113 | Orc:1    | Found a transporter.
 13115 | Orc:1    | Found a transporter.
 13115 | Orc:1    | Noticed a two-headed ogre
 13118 | Orc:1    | Noticed an orc high priest
 13120 | Orc:1    | Found a roughly hewn altar of Beogh.
 13120 | Orc:1    | Noticed an orc high priest
 13122 | Orc:1    | Noticed a two-headed ogre
 13126 | Orc:1    | Noticed a stone giant
 13271 | Orc:1    | Noticed a two-headed ogre
 13367 | Orc:2    | Entered Level 2 of the Orcish Mines
 13567 | Orc:2    | Found a staircase to the Elven Halls.
 13586 | Orc:2    | Noticed a two-headed ogre
 13595 | Orc:2    | Killed a two-headed ogre
 13596 | Orc:2    | Reached skill level 5 in Translocations
 14218 | Orc:2    | Noticed an ettin
 14228 | Orc:2    | Killed an ettin
 14355 | Orc:2    | Reached XP level 13. HP: 66/90 MP: 18/26
 14558 | Orc:2    | Paralysed by an orc sorcerer for 5 turns
 14906 | Orc:2    | Found Huameetz's Weapon Shop.
 14906 | Orc:2    | Found Fintoleu's Antique Armour Shoppe.
 14909 | Orc:2    | Found Meunelod's Antique Armour Shop.
 14909 | Orc:2    | Found Hotec's General Store.
 14967 | Orc:2    | Bought a scroll of identify for 28 gold pieces
 15048 | Orc:2    | Bought a +6 ring of intelligence for 504 gold pieces
 15060 | Orc:2    | Learned a level 1 spell: Apportation
 15152 | Lair:1   | Entered Level 1 of the Lair of Beasts
 15152 | Lair:1   | Noticed Sonja
 15157 | Lair:1   | Killed Sonja
 15292 | Lair:1   | Reached skill level 10 in Spellcasting
 16654 | Lair:2   | You are sucked into a shaft and drop 2 floors!
 16654 | Lair:4   | Found a gate leading to a gauntlet.
 16658 | Gauntlet | Entered a Gauntlet
 16658 | Gauntlet | Found a transporter.
 16658 | Gauntlet | Found a transporter.
 16658 | Gauntlet | Found a transporter.
 16682 | Gauntlet | Found a transporter.
 16692 | Gauntlet | Found a transporter.
 16694 | Gauntlet | Found a transporter.
 16701 | Gauntlet | Noticed an entropy weaver
 16704 | Gauntlet | Found a transporter.
 16723 | Gauntlet | Noticed an entropy weaver
 16724 | Gauntlet | Found a transporter.
 16739 | Gauntlet | Found a transporter.
 16742 | Gauntlet | Found a transporter.
 16750 | Gauntlet | Found a transporter.
 16753 | Gauntlet | Found a transporter.
 17025 | Gauntlet | Killed an entropy weaver
 17034 | Gauntlet | Identified the ring "Omol" {Fly rElec rC+}
 17146 | Gauntlet | Noticed a minotaur
 17154 | Gauntlet | Mangled by a minotaur

Illustrated notes

Levels and vault maps discovered:
D:1:      dpeg_arrival_three_smaller_balls, layout_basic,
          dreamdust_princess_corridor
D:2:      layout_loops_corners
D:3:      layout_loops_ring, gammafunk_ghost_smash
D:4:      layout_layer_cave, nicolae_sif_muna_condensation,
          minmay_temple_entry_drinking_statues, gammafunk_ghost_mausoleum,
          uniq_crazy_yiuf_cottage
D:5:      layout_rooms, uniq_duvessa
D:6:      layout_basic, hangedman_ru_absence, uniq_menkaure
D:7:      layout_loops_ring, enter_bailey_2, ebering_ghost_xom, uniq_maurice,
          uniq_pikel
D:8:      gammafunk_boulding_lane, layout_rooms, kennysheep_mini,
          grunt_temple_overflow_open, serial_rivers,
          chequers_serial_rivers_micro_a, chequers_serial_rivers_micro_d,
          chequers_serial_rivers_large_b, chequers_serial_rivers_marsh
D:9:      layout_basic, gammafunk_ghost_stat_death, nicolae_fountain_basement,
          uniq_harold
D:10:     layout_basic, special_room [special_room_bee]
D:11:     layout_cross, due_lair_maze_entry_diamond, david_orc_4,
          nicolae_trove_entry_diagonal, kennysheep_dice, uniq_lodul
D:12:     layout_stronghold
D:13:     layout_rooms, grunt_vaults_entry_fortified, serial_shops, shop,
          serial_bayou, serial_bayou_pond_d, serial_bayou_ford_a,
          serial_bayou_pond_e, serial_bayou_lagoon_a, serial_bayou_pond_d,
          serial_bayou_pond_a
Temple:   nicolae_temple_bog_church
Lair:1:   beast_lair_carwin_large_2, layout_gridlike, uniq_sonja
Lair:2:   layout_cave_pods, spider_nest_entry_a, grunt_forest_large_clearings
Lair:4:   nzn_motion_control, layout_misc_corridors, gauntlet_entry_generic,
          cheibrodos_lair_reptile_den
Orc:1:    gammafunk_beogh_shrine, layout_caves, nicolae_orc_lava_room
Orc:2:    grunt_orc_tribal_feast, layout_diamond_mine
Gauntlet: minmay_gauntlet_mixed_big_or_small [nicolae_gauntlet_arena_x,
          minmay_gauntlet_arena_77_tiled_triplets,
          gammafunk_gauntlet_arena_hedges, minmay_gauntlet_arena_77_museum,
          gammafunk_gauntlet_arena_crates,
          minmay_gauntlet_arena_77_hold_the_fort, gauntlet_exit_watery]

Skill      XL: |  1  2  3  4  5  6  7  8  9 10 11 12 13 |
---------------+----------------------------------------+-----
Stealth        | 3 |  3.0
Alchemy        | 4 5 6 7 8 9 |  9.0
Air Magic      | 1 2 |  2.0
Fighting       | 1 2 3 4 6 7 8 9 |  9.1
Conjurations   | 2 |  2.0
Spellcasting   | 3 4 5 6 7 8 9 10 | 10.0
Dodging        | 3 4 6 7 8 9 |  9.1
Fire Magic     | 2 4 5 |  5.0
Hexes          | 4 7 |  7.0
Translocations | 2 5 8 |  8.0
Shields        | 1 6 9 |  9.2

Action                     |  1- 3 |  4- 6 |  7- 9 | 10-12 | 13-15 || total
---------------------------+-------+-------+-------+-------+-------++-------
  Melee: Dagger            |    47 |    76 |    76 |       |       ||   199
         Constrict         |    16 |    25 |    33 |    55 |    21 ||   150
         Tentacles         |     8 |    19 |    31 |    83 |    25 ||   166
         Short sword       |       |       |    32 |   274 |    70 ||   376
  Throw: Throwing net      |       |       |       |     1 |       ||     1
   Cast: Sting             |    12 |     2 |    31 |     9 |       ||    54
         Mephitic Cloud    |     1 |     3 |    12 |    17 |     8 ||    41
         Mercury Vapours   |       |     3 |     1 |    15 |     1 ||    20
         Olgreb's Toxic Ra |       |     2 |     5 |    50 |    27 ||    84
         Sticky Flame      |       |       |     5 |    43 |    19 ||    67
         Tukima's Dance    |       |       |       |    34 |    13 ||    47
         Yara's Violent Un |       |       |       |       |     2 ||     2
 Invoke: Call Merchant     |       |       |       |       |     1 ||     1
  Evoke: Wand              |       |       |       |     4 |     5 ||     9
    Use: Scroll            |     2 |     5 |     7 |    13 |     2 ||    29
         Potion            |       |       |       |     3 |     2 ||     5
   Stab: Sleeping          |    10 |     5 |     6 |     9 |       ||    30
         Confused          |       |     1 |     5 |    10 |     1 ||    17
         Distracted        |       |       |       |     1 |     3 ||     4
         Paralysed         |       |       |       |       |     2 ||     2
 Armour: Skin              |    22 |    29 |    70 |   178 |    57 ||   356
  Dodge: Dodged            |    26 |    42 |    88 |   274 |    67 ||   497
  Block: Buckler           |       |       |       |    19 |    31 ||    50

Table legend: (Time is in decaauts)
 A = Elapsed time spent in this place.
 B = Non-inter-level travel time spent in this place.
 C = Inter-level travel time spent in this place.
 D = Time resting spent in this place.
 E = Time spent auto-exploring this place.
 F = Levels seen in this place.
 G = Mean time per level.
                   A        B        C        D        E       F      G
               +--------+--------+--------+--------+--------+-----+--------+
         Total |  17174 |  16556 |    618 |    921 |  12639 |  21 |  817.8 |
       Dungeon |  12239 |  11769 |    470 |    644 |   9036 |  13 |  941.5 |
        Temple |     10 |      6 |      4 |      0 |      0 |   1 |   10.0 |
          Lair |   1422 |   1417 |      5 |      5 |   1189 |   3 |  474.0 |
  Orcish Mines |   2461 |   2323 |    138 |      0 |   1941 |   2 | 1230.5 |
        Bailey |    545 |    545 |      0 |     32 |    350 |   1 |  545.0 |
      Gauntlet |    495 |    495 |      0 |    240 |    123 |   1 |  495.0 |
               +--------+--------+--------+--------+--------+-----+--------+

Top non-repeatable levels by time:
    D:10: 1778 daAuts
   Orc:2: 1468 daAuts
     D:4: 1331 daAuts
     D:7: 1234 daAuts
    D:11: 1221 daAuts
  Lair:1: 1113 daAuts
     D:6: 1099 daAuts
     D:5: 1017 daAuts
   Orc:1: 992 daAuts
     D:9: 977 daAuts
     D:2: 959 daAuts
     D:8: 931 daAuts
     D:1: 811 daAuts
     D:3: 649 daAuts
  Bailey: 545 daAuts
